 Dungeon Crawl Stone Soup version 0.21.1-1-g345015f (webtiles) character file.

61 vatarom the Chopper (level 3, -1/28 HPs)
             Began as a Demonspawn Gladiator on May 13, 2018.
             Slain by a worm (9 damage)
             ... on level 2 of the Dungeon.
             The game lasted 00:02:00 (1131 turns).

vatarom the Chopper (Demonspawn Gladiator)          Turns: 1131, Time: 00:02:01

Health: -1/28      AC:  8    Str: 14    XL:     3   Next: 83%
Magic:  0/3        EV: 12    Int:  9    God:
Gold:   44         SH:  0    Dex: 15    Spells: 2/2 levels left

rFire    . . .     SeeInvis .   a - +0 war axe
rCold    . . .     Gourm    .   (no shield)
rNeg     . . .     Faith    .   b - +0 leather armour
rPois    .         Spirit   +   c - +0 helmet
rElec    .         Reflect  .   h - +0 cloak (curse)
rCorr    .         Harm     .   (no gloves)
MR       .....                  (no boots)
Stlth    +.........             i - amulet of guardian spirit
HPRegen  0.09/turn              (no ring)
MPRegen  0.08/turn              (no ring)

@: no status effects
A: thin metallic scales 2
a: no special abilities


You were on level 2 of the Dungeon.
You were not hungry.

You visited 1 branch of the dungeon, and saw 2 of its levels.

You collected 44 gold pieces.

Inventory:

Hand Weapons
 a - a +0 war axe (weapon)
Missiles
 d - 3 throwing nets (quivered)
Armour
 b - a +0 leather armour (worn)
 c - a +0 helmet (worn)
 h - a cursed +0 cloak (worn)
Jewellery
 e - a cursed ring of teleportation {unknown}
 i - an amulet of guardian spirit (around neck)
Scrolls
 j - a scroll of identify {unknown}
 k - a scroll of magic mapping {unknown}
 l - a scroll of fog {unknown}
 n - 2 scrolls of enchant weapon {unknown}
Potions
 m - a potion of resistance {unknown}
 o - 2 potions of flight {unknown}
Comestibles
 f - 2 rations
 g - 4 chunks of flesh


   Skills:
 + Level 2.5 Fighting
 * Level 3.4 Axes
 - Level 1.7 Throwing
 * Level 1.8 Armour
 - Level 2.6 Dodging


You had 2 spell levels left.
You didn't know any spells.

Dungeon Overview and Level Annotations

Branches:
Dungeon (2/15)

Altars:
Hepliaklqana
Trog


Innate Abilities, Weirdness & Mutations

You are mostly covered in thin metallic scales. (AC +3)


Message History

You now have 44 gold pieces (gained 8).
Magic restored.
Some of the chunks of flesh in your inventory have rotted away.
Found a hazy altar of Hepliaklqana.
Key pressed, stopping explore.
The moth of wrath's fur bristles in rage as it notices you.
A rat and 3 worms come into view.
Found a club.
Found a bloodstained altar of Trog.
You barely miss the worm. The worm misses you.
You hit the worm.
The worm is lightly wounded.
You barely miss the worm. You hit the worm but do no damage.
The worm bites you!
You hit the worm.
The worm is moderately wounded.
You hit the worm. The worm bites you.
* * * LOW HITPOINT WARNING * * *
You completely miss the worm.
The worm is lightly wounded.
You barely miss the worm. The worm bites you!
You die...

##.).. ##.########..).#
##### #...............
##....# ###....#...##
.......## #.#####.##
........# #.# #.# #
r..#....##### ###.# #.# #
..###...##w.# #...## #.#
#
_.#y#....w@.###....####.#
#
.w###...###......_......#
# ...#....#
######....##### #
).......# ##...# ### #
.......## #.### #..##
##....# #.# #.#) #####
#.# #..# ##.# #.#. #..#
#.##


You could see a moth of wrath and 2 worms.

Vanquished Creatures
  2 adders (D:2)
  2 dart slugs
  A leopard gecko (D:1)
  A bat (D:1)
  5 giant cockroaches (D:1)
  2 goblins (D:1)
  6 hobgoblins
  3 jackals (D:1)
  A frilled lizard (D:1)
  5 kobolds
  10 rats
38 creatures vanquished.

Notes
Turn   | Place    | Note
-------+----------+-------------------------------------------
     0 | D:1      | vatarom the Demonspawn Gladiator began the quest for the Orb.
     0 | D:1      | Reached XP level 1. HP: 16/16 MP: 1/1
    67 | D:1      | Gained mutation: You are partially covered in thin metallic scales. (AC +2) [demonic ancestry]
    67 | D:1      | Reached XP level 2. HP: 22/22 MP: 2/2
    77 | D:1      | Reached skill level 3 in Axes
    79 | D:1      | Reached skill level 1 in Armour
   499 | D:1      | Gained mutation: You are mostly covered in thin metallic scales. (AC +3) [demonic ancestry]
   499 | D:1      | Reached XP level 3. HP: 28/28 MP: 3/3
  1084 | D:2      | Found a hazy altar of Hepliaklqana.
  1109 | D:2      | Noticed a moth of wrath
  1112 | D:2      | Found a bloodstained altar of Trog.
  1131 | D:2      | Slain by a worm

Skill      XL: |  1  2 |
---------------+-------+-----
Axes           | 3 |  3.4
Armour         | 1 |  1.8
Fighting       | |  2.5
Throwing       | |  1.7
Dodging        | |  2.6

Action                   || total
-------------------------++-------
Melee: War axe           ||    96
  Eat: Chunk             ||     1
Armor: Leather armour    ||    40
Dodge: Dodged            ||    74
